Unix NetHack Version 5.0.0-0 post-release - last build Jul 14 2026 02:55:29 (1809b74e8187c3a3585e283601c3028b46cbbdcb,branch:main).

Game began 2026-07-16 17:37:35, ended 2026-07-16 17:52:40.

Jinnora, neutral female human Wizard

                                                               -----
                                                   #------     |)^.|
                                  ##################.....|     +>...#
           ------------           #         ########|....|     -----#
           |..........|        ####(#####           |....| #  #     #
           |...........         #                   |.....#######   #
           |..........|         #                   |....|  ### #   #
           |.<........|##       #                   .....|  #   #####
           |...........##########                   ---.--         ##---------
           |..........|     #                         ##)#          #|....)..|
           ------------                             #  #            %-.......|
                                                     %##           ##|...^...|
                                                     %          #### ---------
                                                     #          #
                                                  e@Z####       #
                                                    -+--|-    ##%
                                                    |*...|#####
                                                    |...%.#
                                                    ------

Jinnora the Thaumaturge   St:10 Dx:17 Co:15 In:17 Wi:9 Ch:9  Neutral
Dlvl:5  $:135 HP:0(45) Pw:26(54) AC:6  Xp:6/395 T:2508 

Latest messages:
 The gnome hits!
 The gnome hits!
 You hit the gnome!
 You kill the gnome!
 You see here 3 darts.
 There is a gnome corpse here; eat it? [ynq] (n) y
 This gnome corpse is tough.
 You stop eating the gnome corpse.
 You hit the elf zombie!
 You hit the elf zombie!
 The elf zombie hits!
 You destroy the elf zombie!
 There is a gnome corpse here; eat it? [ynq] (n) y
 Blecch!  Rotten food!
 You feel rather light headed.
 You feel less confused now.
 You stop eating the gnome corpse.
 You are carrying too much to get through.
 You feel strong!
 Your movements are now unencumbered.
 You must have been exercising diligently.
 You feel wise!
 You must have been very observant.
 You hit the floating eye!
 You are frozen by the floating eye's gaze!
 The gnome zombie hits!
 The gnome zombie hits!
 The gnome zombie hits!
 The gnome zombie hits!
 The gnome zombie hits!
 The gnome zombie hits!
 The gnome zombie hits!
 The gnome zombie hits!
 The gnome zombie hits!
 The gnome zombie hits!
 The gnome zombie hits!
 The gnome zombie hits!
 The gnome zombie hits!
 The gnome zombie hits!
 The gnome zombie hits!
 The gnome zombie hits!
 The gnome zombie hits!
 The gnome zombie hits!
 You hear bubbling water.
 The gnome zombie hits!
 The gnome zombie hits!
 The gnome zombie hits!
 The gnome zombie hits!
 You die...
 Do you want your possessions identified? [ynq] (y) q

Inventory:
 Coins    ('$')
  $ - 135 gold pieces
 Weapons  (')')
  p - 23 uncursed +0 darts
  u - 2 uncursed +0 daggers
  a - a blessed +1 quarterstaff (weapon in hands)
 Armor    ('[')
  b - an uncursed +0 cloak of magic resistance (being worn)
  x - an uncursed +0 studded leather armor (being worn)
 Comestibles  ('%')
  q - 6 uncursed food rations
  C - an uncursed tripe ration
 Scrolls  ('?')
  r - a cursed scroll of amnesia
  E - an uncursed scroll of create monster
  j - a blessed scroll of destroy armor
  A - 2 uncursed scrolls of enchant armor
  B - an uncursed scroll of fire
  k - an uncursed scroll of identify
  i - an uncursed scroll of remove curse
 Spellbooks  ('+')
  F - an uncursed spellbook of extra healing
 Potions  ('!')
  H - an uncursed potion of confusion
  f - 2 uncursed potions of gain ability
  h - an uncursed potion of levitation
  g - 2 uncursed potions of paralysis
 Rings    ('=')
  v - a cursed -1 ring of gain constitution
  G - a cursed -1 ring of gain constitution
  e - an uncursed +2 ring of increase accuracy
  s - a cursed -1 ring of increase damage
  d - an uncursed ring of see invisible
 Wands    ('/')
  c - an uncursed wand of slow monster (0:8)
 Tools    ('(')
  o - an uncursed blindfold
  y - a cursed blindfold
  n - an uncursed magic marker (0:20)
 Gems/Stones  ('*')
  D - an uncursed worthless piece of green glass
  z - an uncursed worthless piece of white glass

Jinnora the Wizard's attributes:

Background:
 You were a Thaumaturge, a level 6 female human Wizard.
 You were neutral, on a mission for Thoth
 who was opposed by Ptah (lawful) and Anhur (chaotic).
 You were right-handed.
 You were in the Dungeons of Doom, on level 5.
 You entered the dungeon 2508 turns ago.
 There was a new moon in effect when your adventure ended.
 You had 395 experience points, 245 more were needed to attain level 7.

Basics:
 You had 0 out of 45 hit points.
 You had 26 out of 54 energy points (spell power).
 Your armor class was 6.
 Your wallet contained 135 zorkmids.
 Autopickup was off.

Final Characteristics:
 Your strength was 10 (limit:18/100).
 Your dexterity was 17 (limit:18).
 Your constitution was 15 (limit:18).
 Your intelligence was 17 (limit:18).
 Your wisdom was 9 (limit:18).
 Your charisma was 9 (limit:18).

Final Status:
 You weren't hungry.
 You were unencumbered.
 You were wielding a quarterstaff.
 You had basic skill with quarterstaff.

Final Attributes:
 You were devoutly aligned.
 You were magic-protected.
 You were warded.
 You are dead.

Miscellaneous:
 You didn't encounter any bones levels.
 Total elapsed playing time was 15 minutes and 4 seconds.

Major events:
 Turn
    1: Jinnora the neutral female human Wizard entered the dungeon
  731: attained the rank of Conjurer (level 3)
 1365: entered the Gnomish Mines
 2304: attained the rank of Thaumaturge (level 6)
 2508: killed by a gnome zombie, while frozen by a floating eye's gaze

Spells:
 Name                 Level Category     Fail Retention
 force bolt             1   attack         0%   81%-90%
 confuse monster        1   enchantment    0%   81%-90%
 extra healing          3   healing       79%  76%-100%

Skills:
 Fighting Skills
   bare handed combat [Unskilled]
   riding             [Unskilled]
 Weapon Skills
   dagger             [Unskilled]
   knife              [Unskilled]
   axe                [Unskilled]
   short sword        [Unskilled]
   club               [Unskilled]
   mace               [Unskilled]
   quarterstaff       [Basic]
   polearms           [Unskilled]
   spear              [Unskilled]
   trident            [Unskilled]
   sling              [Unskilled]
   dart               [Unskilled]
   shuriken           [Unskilled]
 Spellcasting Skills
   attack spells      [Basic]
   healing spells     [Unskilled]
   divination spells  [Unskilled]
   enchantment spells [Basic]
   clerical spells    [Unskilled]
   escape spells      [Unskilled]
   matter spells      [Unskilled]

Voluntary challenges:
 Character rerolling was not enabled.
 You never genocided any monsters.
 You never polymorphed an object.
 You never changed form.
 You used no wishes.
Achievements:
 You attained the rank of Conjurer.
 You entered the Gnomish Mines.
 You entered a shop.
 You attained the rank of Thaumaturge.

 The Dungeons of Doom: levels 1 to 6
    Level 1:
       Some fountains, a grave.
    Level 2:
    Level 3:
       Some fountains.
    Level 4:
       A scroll shop, a fountain.
       Stairs down to The Gnomish Mines.
    Level 5: <- You were here.
       Final resting place for
          you, killed by a gnome zombie, while frozen by a floating eye's gaze.
    Level 6:
 The Gnomish Mines:
    Level 5:


Vanquished creatures:
  a small mimic
  a gnome ruler
  a gnome leader
  a golden naga hatchling
  3 elf zombies
  2 floating eyes
  a kitten
  3 dwarves
  a homunculus
  5 hill orcs
  4 rothes
 an orc zombie
 an iguana
 an acid blob
  2 coyotes
  a gas spore
  2 hobbits
  2 large kobolds
  a hobgoblin
  2 giant rats
  2 cave spiders
  a red mold
  6 gnomes
  a gecko
 10 jackals
  4 foxes
  a kobold
  4 goblins
  2 grid bugs
  a bat
  2 lichens
  2 kobold zombies
  a newt
73 creatures vanquished.

No species were genocided or became extinct.

Game over:
                       ----------
                      /          \
                     /    REST    \
                    /      IN      \
                   /     PEACE      \
                  /                  \
                  |     Jinnora      |
                  |      135 Au      |
                  |   killed by a    |
                  |   gnome zombie   |
                  |                  |
                  |                  |
                  |       2026       |
                 *|     *  *  *      | *
        _________)/\\_//(\/(/\)/\//\/|_)_______

Goodbye Jinnora the Wizard...

You died in The Dungeons of Doom on dungeon level 5 with 1952 points,
and 135 pieces of gold, after 2508 moves.
You were level 6 with a maximum of 45 hit points when you died.

